Map: [ESL] Oceanborn

Players

Nanami - Winner!

  • Race: Protoss Protoss
  • Spawn Location: 11:00

Oliveira

  • Race: Terran Terran
  • Spawn Location: 5:00

Event: ESL SC2 Masters 2024 Spring (Regional)

VOD

Have the link to the VOD?

Description

Time

  • Played on: April 20, 2024, 6:54 a.m.
  • Length: 11:34

All games in this series

Show
View Real Time Build Order
Export as new Build Order

Nanami Protoss - Winner!

Build Orders: 1 Gate Expand, Blink Stalkers 

Get SALT Encoding   

  12  0:00  Probe  
  13  0:12  Probe  
  14  0:18  Pylon  
  14  0:24  Probe (Chrono Boost)  
  15  0:36  Gateway  
  15  0:37  Probe (Chrono Boost)  
  16  0:44  Probe (Chrono Boost)  
  16  0:46  Assimilator  
  17  0:51  Probe  
  18  1:04  Probe  
  19  1:16  Probe  
  20  1:23  Cybernetics Core  
  20  1:30  Nexus  
  20  1:33  Probe  
  20  1:39  Pylon  
  21  1:45  Probe  
  22  1:48  Assimilator  
  22  1:57  Probe, Adept (Chrono Boost)  
  22  2:00  Warp Gate  
  25  2:10  Probe  
  26  2:15  Twilight Council  
  26  2:21  Stalker (Chrono Boost)  
  26  2:22  Probe  
  29  2:34  Probe  
  29  2:42  Probe  
  29  2:43  Blink (Chrono Boost)  
  30  2:46  Probe  
  30  2:54  Probe  
  30  2:58  Probe  
  32  3:00  Gateway  
  32  3:04  Shield Battery  
  32  3:06  Probe  
  32  3:10  Probe  
  34  3:17  Robotics Facility  
  34  3:19  Probe  
  35  3:22  Probe  
  36  3:31  Probe  
  37  3:34  Probe  
  38  3:43  Probe  
  38  3:46  Probe  
  40  3:49  Stalker  
  40  3:55  Probe, Nexus  
  43  3:57  Pylon  
  43  4:04  Probe  
  43  4:05  Observer  
  43  4:08  Assimilator  
  45  4:11  Probe  
  45  4:12  Pylon  
  45  4:16  Probe  
  45  4:17  Stalker  
  49  4:19  Stalker  
  49  4:23  Observer, Probe  
  53  4:28  Probe  
  54  4:35  Probe  
  55  4:40  Forge  
  55  4:41  Gateway, Probe  
  55  4:44  Gateway  
  56  4:47  Probe (Chrono Boost)  
  56  4:49  Observer  
  56  4:51  Charge  
  58  4:53  Probe (Chrono Boost)  
  58  4:59  Probe (Chrono Boost)  
  60  5:00  Pylon  
  60  5:04  Probe (Chrono Boost)  
  62  5:07  Probe (Chrono Boost)  
  62  5:09  Probe (Chrono Boost), Protoss Ground Armor Level 1 (Chrono Boost)  
  62  5:10  Probe (Chrono Boost)  
  62  5:13  Probe  
  64  5:14  Stalker x2  
  64  5:19  Probe  
  64  5:20  Probe  
  69  5:24  Shield Battery  
  70  5:31  Probe  
  70  5:33  Gateway  
  70  5:34  Gateway x2  
  70  5:36  Gateway  
  70  5:37  Sentry  
  70  5:38  Probe  
  70  5:39  Sentry  
  70  5:41  Probe  
  70  5:42  Sentry  
  78  5:44  Warp Prism (Chrono Boost)  
  80  5:51  Pylon  
  80  5:54  Stalker  
  82  6:01  Stalker  
  82  6:02  Pylon  
  84  6:04  Pylon  
  84  6:05  Pylon  
  84  6:07  Observer  
  84  6:09  Stalker  
  84  6:10  Stalker  
  86  6:21  Stalker  
  88  6:25  Pylon  
  88  6:31  Pylon  
  88  6:32  Zealot x5  
  92  6:36  Pylon  
  98  6:40  Probe x3  
  98  6:42  Assimilator, Zealot x2  
  98  6:43  Observer  
  105  6:48  Protoss Ground Weapons Level 1 (Chrono Boost)  
  105  6:52  Observer, Probe  
  106  6:54  Robotics Bay  
  106  6:58  Nexus  
  106  7:00  Pylon  
  107  7:01  Probe x2  
  107  7:04  Observer (Chrono Boost)  
  107  7:06  Probe  
  110  7:13  Probe x2  
  112  7:18  Probe  
  112  7:19  Observer  
  112  7:21  Shield Battery  
  111  7:25  Probe x2  
  111  7:28  Photon Cannon  
  113  7:30  Probe  
  113  7:35  Pylon  
  114  7:37  Probe x2  
  114  7:38  Colossus (Chrono Boost)  
  114  7:40  Extended Thermal Lance (Chrono Boost)  
  114  7:42  Probe  
  123  7:45  Gateway  
  123  7:46  Gateway  
  123  7:49  Probe  
  123  7:50  Probe  
  124  7:54  Probe  
  124  7:58  Stalker x5  
  127  7:59  Stalker, Zealot  
  127  8:01  Probe  
  136  8:15  Zealot  
  138  8:22  Colossus (Chrono Boost)  
  138  8:24  Zealot x5  
  138  8:25  Zealot x2  
  138  8:27  Pylon  
  158  8:30  Shield Battery  
  158  8:32  Probe  
  159  8:34  Forge  
  159  8:38  Protoss Ground Weapons Level 2 (Chrono Boost)  
  159  8:46  Nexus  
  141  8:56  Zealot x6  
  141  9:02  Protoss Ground Armor Level 2 (Chrono Boost)  
  153  9:05  Zealot x4  
  155  9:11  Probe x2  
  149  9:20  Probe  
  149  9:22  Stalker x3  
  149  9:23  Zealot x3  
  160  9:27  Zealot x4  
  168  9:43  Stalker  
  168  9:44  Zealot x2  
  174  9:47  Zealot x3  
  174  9:51  Colossus (Chrono Boost)  
  174  10:01  Zealot x4  
  174  10:05  Zealot x2  
  146  10:13  Probe  
  119  10:16  Zealot  
  119  10:17  Zealot x2  
  119  10:19  Zealot  
  119  10:20  Probe x2  
  119  10:21  Probe x2  
  119  10:22  Zealot x4  
  119  10:25  Probe  
  119  10:27  Zealot x2  
  128  10:32  Probe  
  128  10:34  Probe x2  
  125  10:36  Pylon  
  125  10:38  Zealot  
  125  10:39  Zealot x2  
  125  10:41  Colossus (Chrono Boost)  
  137  10:50  Stalker  
  137  10:51  Stalker  
  141  11:00  Stalker  
  141  11:02  Zealot x7  
  156  11:12  Shield Battery  
  156  11:15  Zealot x2  
  156  11:16  Gateway  
  156  11:18  Gateway  
  160  11:22  Zealot x4  
  160  11:23  Zealot x3  
  160  11:24  Sentry  
Show
View Real Time Build Order
Export as new Build Order

Oliveira Terran 

Build Orders: Reaper Expand 

Get SALT Encoding   

  12  0:00  SCV  
  13  0:12  SCV  
  14  0:17  Supply Depot  
  14  0:24  SCV  
  15  0:39  SCV  
  15  0:41  Barracks  
  16  0:44  Refinery  
  16  0:51  SCV  
  17  1:03  SCV  
  18  1:15  SCV  
  19  1:28  Reaper, Orbital Command  
  20  1:40  Command Center  
  20  1:50  Supply Depot  
  20  1:54  SCV  
  21  2:01  Barracks Tech Lab, Refinery  
  21  2:06  SCV  
  22  2:13  Factory  
  22  2:18  SCV  
  25  2:23  Marauder  
  25  2:30  SCV  
  26  2:42  SCV  
  29  2:44  Marauder  
  29  2:53  Orbital Command  
  29  2:56  SCV  
  29  2:58  Widow Mine, Starport  
  32  3:07  Barracks  
  32  3:10  SCV  
  32  3:11  Barracks Reactor  
  33  3:18  SCV  
  34  3:21  Widow Mine  
  34  3:22  SCV  
  37  3:28  Supply Depot  
  37  3:30  Bunker  
  37  3:33  SCV  
  38  3:36  Medivac  
  40  3:42  Widow Mine  
  40  3:46  SCV x2  
  44  3:49  Marine x2  
  44  3:54  Stimpack, Marine  
  47  3:57  Supply Depot  
  47  3:58  SCV  
  47  4:00  SCV  
  49  4:05  Factory Tech Lab  
  49  4:08  Marine x2  
  51  4:10  SCV  
  51  4:12  SCV  
  51  4:13  Barracks  
  51  4:15  Marine  
  54  4:19  Supply Depot  
  54  4:24  Engineering Bay, SCV  
  54  4:25  SCV  
  54  4:27  Marine  
  57  4:32  Marine  
  57  4:36  SCV  
  57  4:37  SCV  
  59  4:44  Refinery  
  59  4:45  Supply Depot, Marauder  
  61  4:47  Factory Reactor, Starport Reactor  
  61  4:48  SCV  
  61  4:50  SCV  
  61  4:52  Terran Infantry Weapons Level 1  
  63  4:54  Marine x2  
  63  4:59  Supply Depot  
  65  5:00  SCV  
  65  5:02  SCV  
  67  5:08  Combat Shield  
  67  5:09  Marauder  
  67  5:12  Refinery  
  67  5:13  SCV, Marine  
  67  5:14  SCV, Marine  
  75  5:21  Marauder  
  75  5:22  Supply Depot  
  75  5:25  SCV  
  75  5:26  SCV  
  77  5:29  Medivac x2  
  77  5:30  Supply Depot  
  77  5:34  Marine x2  
  77  5:35  Marauder  
  85  5:38  Concussive Shells  
  85  5:44  Marauder  
  85  5:45  Widow Mine  
  85  5:46  Widow Mine, Supply Depot  
  85  5:47  SCV  
  85  5:48  SCV  
  93  5:52  Marine x2  
  93  5:56  Marauder  
  97  6:01  Medivac  
  99  6:06  Medivac  
  99  6:11  Widow Mine  
  102  6:13  Command Center  
  102  6:15  Marauder  
  102  6:18  Marine x2  
  104  6:19  Marauder  
  104  6:24  Supply Depot  
  104  6:25  Widow Mine  
  110  6:37  Barracks, Marine, Marauder  
  110  6:38  Marine  
  110  6:39  SCV  
  115  6:40  Barracks  
  115  6:41  SCV  
  115  6:46  Supply Depot, Terran Infantry Armor Level 1  
  116  6:50  Marauder  
  118  6:54  Viking  
  118  6:56  Medivac  
  118  6:58  Marine  
  118  6:59  Marine  
  123  7:01  Marauder  
  123  7:06  Armory  
  125  7:09  Engineering Bay  
  125  7:12  Marauder  
  129  7:15  Widow Mine  
  129  7:17  Widow Mine  
  129  7:18  SCV  
  129  7:19  Marine  
  133  7:25  Barracks Reactor  
  133  7:27  Marine, Marauder  
  136  7:30  Orbital Command  
  136  7:31  SCV  
  137  7:37  Barracks Tech Lab  
  137  7:39  Missile Turret  
  137  7:41  Marine  
  137  7:42  Marauder  
  140  7:44  Marine  
  140  7:45  SCV  
  140  7:49  Orbital Command  
  140  7:54  Marine  
  140  7:55  Terran Infantry Weapons Level 2  
  137  7:59  Marine  
  137  8:00  Marauder  
  137  8:02  Marine  
  137  8:10  Marauder  
  137  8:12  Marine  
  138  8:13  Marauder  
  138  8:14  SCV x2  
  138  8:15  SCV  
  143  8:21  Supply Depot x2, Marine  
  143  8:22  Supply Depot, Marine  
  143  8:24  Marine  
  143  8:26  SCV  
  148  8:28  SCV  
  148  8:30  Ghost Academy  
  149  8:36  SCV  
  148  8:42  Viking  
  148  8:43  Marauder x2  
  148  8:47  Viking  
  152  8:48  Terran Infantry Armor Level 2  
  148  8:56  Marine x2, Marauder  
  148  8:57  Marine  
  148  8:58  Widow Mine x2  
  156  9:03  Ghost  
  156  9:04  Marauder  
  149  9:15  Viking, SCV  
  149  9:16  Marine x2, Ghost  
  149  9:17  Viking, Marine  
  143  9:18  SCV x2  
  150  9:24  Ghost  
  150  9:27  SCV  
  150  9:28  Supply Depot  
  150  9:30  SCV, Marine  
  155  9:32  Ghost  
  155  9:33  SCV  
  155  9:36  Marine x2  
  159  9:39  Refinery x2  
  159  9:40  Supply Depot x2  
  159  9:41  Widow Mine  
  153  9:59  Marine x2  
  149  10:00  Marauder  
  149  10:04  Marine x2, Marauder  
  149  10:06  Medivac  
  113  10:07  SCV x2  
  113  10:08  Marine, Hellion  
  113  10:09  Widow Mine  
  97  10:15  Medivac, SCV  
  97  10:17  Marine x2  
  97  10:20  SCV x2  
  98  10:21  Marauder  
  98  10:22  Marine  
  93  10:30  Widow Mine  
  93  10:33  Widow Mine, Marauder  
  93  10:34  SCV x3  
  100  10:44  Marauder  
  100  10:46  SCV x2  
  100  10:47  SCV  
  105  10:51  Marauder  
  109  10:57  Ghost  
  109  10:58  SCV  
  109  11:00  Marine x2  
  109  11:02  Widow Mine x2  
  114  11:04  Marine  
  114  11:05  Marine, Marauder  
  116  11:12  Marine  
Tags
 
Add a new tag
Caveats
  • Supply blocks, unpowered buildings, or Contaminate may cause inaccurate times.
  • Supply counts are checked every 10 seconds.